 Dungeon Crawl Stone Soup version 0.30-a0-782-ge64f9170bb (webtiles) character file.

Game seed: 13372109309591167544

30 Ge0ff the Charlatan (level 2, 0/23 HPs)
             Began as a Demigod Artificer on Feb 27, 2023.
             Succumbed to an adder's poison
             ... on level 2 of the Dungeon.
             The game lasted 00:04:53 (2135 turns).

Ge0ff the Charlatan (Demigod Artificer)             Turns: 2135, Time: 00:04:54

Health: 0/23       AC:  3    Str: 10 (13) XL:     2   Next: 87%
Magic:  5/5        EV: 11    Int: 11 (13) God:
Gold:   59         SH:  0    Dex: 11 (14) Spells: 2/2 levels left

rFire   . . .      SeeInvis .    a - +0 club
rCold   . . .      Faith    .    l - orb {*Rage}
rNeg    . . .      Spirit   .    b - +0 leather armour
rPois   .          Reflect  .    (no helmet)
rElec   .          Harm     .    (no cloak)
rCorr   .          Rampage  .    (no gloves)
Will    .....      Rage     20%  (no boots)
Stlth   +                        (no amulet)
HPRegen 0.23/turn                m - +4 ring of slaying
MPRegen 0.09/turn                (no ring)

@: lethally poisoned (0 -> -4), attractive
A: high MP 1, forlorn, divine attributes
a: no special abilities


You were on level 2 of the Dungeon.
You visited 1 branch of the dungeon, and saw 2 of its levels.

You collected 59 gold pieces.

Inventory:

Hand Weapons
 a - a +0 club (weapon)
Missiles
 r - 15 stones (quivered)
Armour
 b - a +0 leather armour (worn)
 l - an orb of wrath (worn)
Jewellery
 m - a +4 ring of slaying (left hand)
Wands
 e - a wand of charming (15)
 f - a wand of flame (15)
 k - a wand of iceblast (4)
Scrolls
 o - a scroll of amnesia {unknown}
 t - a scroll of fear {unknown}


   Skills:
 - Level 1.0 Fighting
 + Level 0.8 Maces & Flails
 - Level 1.7 Armour
 - Level 0.8 Dodging
 - Level 1.0 Stealth
 + Level 0.6 Spellcasting
 * Level 1.1 Hexes
 * Level 1.1 Summonings
 - Level 2.6 Evocations


You had 2 spell levels left.
You didn't know any spells.
Your spell library contained the following spells:

 Spells                   Type           Power      Damage    Failure   Level
 Cigotuvi's Dreadful Rot  Necr/Pois/Air  0%         N/A       56%         2
 Sublimation of Blood     Necr           0%         N/A       56%         2
 Wereblood                Tmut           0%         N/A       56%         2
 Summon Guardian Golem    Hex/Summ       2%         N/A       63%         3
 Dispel Undead            Necr           0%         3d6       99%         4
 Death Channel            Necr           0%         N/A       100%        6
 Orb of Destruction       Conj           0%         9d5       100%        7
 Spellforged Servitor     Conj/Summ      0%         N/A       100%        7
 Summon Hydra             Summ           1%         N/A       100%        7


Dungeon Overview and Level Annotations

Branches:
Dungeon (2/15) Zot: 9802

Annotations:
D:2 Jessica


Innate Abilities, Weirdness & Mutations

You have an increased reservoir of magic. (+10% MP)
You shall have no god before yourself.
Your divine heritage dramatically boosts your attributes as you level up.


Message History

The adder poisons you!
You closely miss the adder.
You feel sick. The adder bites you but does no damage. The adder bites you.
You are more poisoned.
The adder poisons you!
You sock the adder!
The adder is severely wounded.
You feel very sick. The adder barely misses you.
The adder completely misses you. The adder bites you but does no damage.
You hit the adder.
The adder is almost dead.
You feel very sick. The adder bites you but does no damage.
The adder barely misses you.
You miss the adder.
The adder is almost dead.
You feel sick. The adder bites you.
You are more poisoned.
The adder poisons you! The adder bites you but does no damage.
The adder barely misses you.
It was a potion of degeneration.
There was something very wrong with that liquid.
You feel weakened.
You feel dopey.
You feel clumsy.
You feel sick. The adder bites you but does no damage. The adder bites you.
* * * LOW HITPOINT WARNING * * *
You are more poisoned.
The adder poisons you!
It was a potion of flight.
You feel very buoyant.
You fly up into the air.
You feel yourself speed up.
* * * LOW HITPOINT WARNING * * *
You feel very sick. The adder closely misses you.
Jessica casts a spell.
Jessica blinks!
The adder barely misses you.
It was a potion of cancellation.
Your magical effects are unravelling.
You feel magically purged.
You float gracefully downwards.
* * * LOW HITPOINT WARNING * * *
You feel sick. The adder closely misses you.
It was a potion of attraction.
You feel attractive to monsters.
* * * LOW HITPOINT WARNING * * *
You feel sick. The adder bites you but does no damage.
Aiming: Iceblast
Press: ? - help, Shift-Dir - straight line, p - Jessica The mass of ice explodes!
The iceblast engulfs the adder!!
You kill the adder!
You die...

#.........# #
#####..##...##.# #
......##......#
#.##.#....@......#
#....#.#.#....##.#
...........#......
##....@##.####+###
###.#.##.##...
#...@....... ###..#.##...
##..#.###..###
##########............#.
#......##......###......
#......###..............
#..........#.#.###....#.
#.......##...#.# #..###.#
#.....).######.###..###.#


You could see Jessica.

Vanquished Creatures
  An adder (D:2)
  A dart slug (D:1)
  5 ball pythons (D:1)
  A bat (D:1)
  4 endoplasms
  3 giant cockroaches (D:1)
  A goblin (D:1)
  3 hobgoblins (D:1)
  A quokka (D:1)
  4 frilled lizards (D:1)
  A rat (D:1)
25 creatures vanquished.

Notes
Turn   | Place    | Note
-------+----------+-------------------------------------------
     0 | D:1      | Ge0ff the Demigod Artificer began the quest for the Orb.
     0 | D:1      | Reached XP level 1. HP: 15/15 MP: 3/3
   240 | D:1      | Reached skill level 1 in Fighting
   240 | D:1      | Reached skill level 1 in Stealth
   454 | D:1      | Reached XP level 2. HP: 23/23 MP: 4/4
   635 | D:1      | Reached skill level 1 in Summonings
   639 | D:1      | Reached skill level 1 in Hexes
  2117 | D:2      | Noticed Jessica
  2133 | D:2      | HP: 1/23 [poisoned by an adder]
  2135 | D:2      | Succumbed to an adder's poison

Illustrated notes

Levels and vault maps discovered:
D:1:      dpeg_arrival_circle_labyrinth_c, layout_loops_ring, minmay_unequal
D:2:      layout_basic, uniq_jessica

Skill      XL: |  1  2 |
---------------+-------+-----
Fighting       | 1 |  1.0
Stealth        | 1 |  1.0
Summonings     | 1 |  1.1
Hexes          | 1 |  1.1
Maces & Flails | |  0.8
Armour         | |  1.7
Dodging        | |  0.8
Spellcasting   | |  0.6
Evocations     | |  2.6

Action                     || total
---------------------------++-------
  Melee: Club              ||    62
  Throw: Stone             ||     1
  Evoke: Wand              ||     1
    Use: Potion            ||     4
   Stab: Sleeping          ||     4
 Armour: Leather armour    ||    19
  Dodge: Dodged            ||    39

Table legend: (Time is in decaauts)
 A = Elapsed time spent in this place.
 B = Non-inter-level travel time spent in this place.
 C = Inter-level travel time spent in this place.
 D = Time resting spent in this place.
 E = Time spent auto-exploring this place.
 F = Levels seen in this place.
 G = Mean time per level.
                   A        B        C        D        E       F      G
               +--------+--------+--------+--------+--------+-----+--------+
         Total |   2197 |   2143 |     54 |    130 |   1776 |   2 | 1098.5 |
       Dungeon |   2197 |   2143 |     54 |    130 |   1776 |   2 | 1098.5 |
               +--------+--------+--------+--------+--------+-----+--------+

Top non-repeatable levels by time:
     D:1: 2072 daAuts
     D:2: 125 daAuts
